[ PARTIDA AOE2 · #495741710 ]
UnrankedFrancos vs Gurjaras
Equipo del jugador · VICT
Equipo rival · DERR
[ ANÁLISIS DE REPETICIÓN · EXTRAÍDO DE LA PARTIDA GRABADA ]
Feudal
9:22
Castillos
19:21
Imperial
36:39
| APM promedio | 33.6 |
| APM pico | 70 |
| eAPM promedio | 22.2 |
| Aldeanos / militares | 156 / 573 |
Foco
⚔️ 46.1% · 🌾 53.9%
Spearman ×361 · Knight ×160 · Scout Cavalry ×34 · Monk ×9 · Trebuchet (Packed) ×9
Feudal
9:16
Castillos
19:31
Imperial
32:50
| APM promedio | 46.9 |
| APM pico | 89 |
| eAPM promedio | 20.8 |
| Aldeanos / militares | 157 / 628 |
Foco
⚔️ 36.7% · 🌾 63.3%
Scout Cavalry ×400 · Camel Scout ×89 · Elephant Archer ×63 · Hand Cannoneer ×50 · Archer ×17 · Trebuchet (Packed) ×5
Mapa de la partida
Recursos iniciales + cada clic de construcción. Líneas = muros · curvas = relieve. ◆ oro · ⬟ piedra · ● bayas · ✦ reliquia · ◌ hueco del cierre
Tu base· Abierta — hueco de 7t
Base de GymBeam93· ✓ Cerrada en 19:31 · 27t muro · 2 puerta(s)
Terreno inicial suavizado · ◌ = hueco del cierre detectado · pasá el cursor para detalles
Inputs por minuto
— Brennus - - GymBeam93
Build order — Brennus
Primeras 150 de 586 acciones detectadas
| 0:01 | Crear | Villager (Male) |
| 0:01 | Crear | Villager (Male) |
| 0:02 | Construir | House |
| 0:04 | Construir | House |
| 0:24 | Crear | Villager (Male) |
| 0:50 | Crear | Villager (Male) |
| 1:26 | Crear | Villager (Male) |
| 1:55 | Crear | Villager (Male) |
| 2:24 | Crear | Villager (Male) |
| 2:30 | Construir | Lumber Camp |
| 2:39 | Construir | House |
| 2:53 | Crear | Villager (Male) |
| 2:54 | Crear | Villager (Male) |
| 3:19 | Crear | Villager (Male) |
| 3:38 | Crear | Villager (Male) |
| 4:11 | Crear | Villager (Male) |
| 4:11 | Crear | Villager (Male) |
| 4:28 | Crear | Villager (Male) |
| 4:29 | Crear | Villager (Male) |
| 4:45 | Crear | Villager (Male) |
| 4:45 | Crear | Villager (Male) |
| 4:57 | Crear | Villager (Male) |
| 5:05 | Construir | Mill |
| 5:31 | Crear | Villager (Male) |
| 6:14 | Crear | Villager (Male) |
| 6:19 | Construir | House |
| 6:26 | Crear | Villager (Male) |
| 6:47 | Investigar | Loom |
| 7:08 | Investigar | Feudal Age |
| 7:39 | Construir | Barracks |
| 7:55 | Construir | House |
| 8:39 | Construir | Palisade Gate |
| 8:47 | Construir | Palisade Wall |
| 9:02 | Construir | Palisade Wall |
| 9:10 | Crear | Villager (Male) |
| 9:22 | Edad | Edad Feudal |
| 9:26 | Construir | Stable |
| 9:39 | Crear | Villager (Male) |
| 9:48 | Crear | Spearman |
| 9:57 | Investigar | Double-Bit Axe |
| 10:07 | Crear | Villager (Male) |
| 10:10 | Construir | House |
| 10:19 | Construir | Palisade Gate |
| 10:29 | Crear | Scout Cavalry |
| 10:29 | Crear | Scout Cavalry |
| 10:36 | Crear | Villager (Male) |
| 11:08 | Construir | House |
| 11:15 | Construir | House |
| 11:16 | Construir | House |
| 11:16 | Construir | House |
| 11:25 | Crear | Villager (Male) |
| 11:25 | Crear | Villager (Male) |
| 11:27 | Construir | Farm |
| 11:27 | Construir | Farm |
| 11:36 | Crear | Scout Cavalry |
| 11:48 | Construir | Farm |
| 11:49 | Construir | Farm |
| 12:06 | Construir | Farm |
| 12:26 | Crear | Villager (Male) |
| 12:26 | Crear | Villager (Male) |
| 12:27 | Construir | Farm |
| 12:42 | Construir | Palisade Gate |
| 12:44 | Construir | House |
| 12:49 | Construir | Palisade Wall |
| 12:51 | Construir | Farm |
| 12:52 | Construir | Farm |
| 12:52 | Construir | Farm |
| 12:53 | Crear | Villager (Male) |
| 13:13 | Crear | Spearman |
| 13:17 | Construir | Farm |
| 13:28 | Construir | Farm |
| 13:33 | Construir | Farm |
| 13:34 | Crear | Villager (Male) |
| 14:00 | Construir | Mining Camp |
| 14:01 | Crear | Villager (Male) |
| 14:17 | Construir | Farm |
| 14:17 | Crear | Villager (Male) |
| 14:30 | Crear | Villager (Male) |
| 14:42 | Crear | Villager (Male) |
| 14:50 | Construir | Farm |
| 14:54 | Construir | Farm |
| 15:01 | Crear | Villager (Male) |
| 15:22 | Crear | Spearman |
| 15:55 | Construir | Blacksmith |
| 15:58 | Crear | Villager (Male) |
| 16:16 | Investigar | Gold Mining |
| 16:37 | Construir | Lumber Camp |
| 16:41 | Investigar | Castle Age |
| 17:19 | Construir | Stable |
| 17:24 | Investigar | Scale Barding Armor |
| 17:54 | Investigar | Forging |
| 18:48 | Construir | Farm |
| 18:52 | Construir | Farm |
| 18:55 | Construir | Farm |
| 19:20 | Crear | Villager (Male) |
| 19:21 | Edad | Edad de los Castillos |
| 19:24 | Investigar | Husbandry |
| 19:25 | Investigar | Chain Barding Armor |
| 19:53 | Crear | Villager (Male) |
| 19:55 | Crear | Villager (Male) |
| 20:01 | Crear | Knight |
| 20:06 | Construir | Farm |
| 20:08 | Construir | Farm |
| 20:22 | Construir | Monastery |
| 20:32 | Crear | Knight |
| 20:33 | Crear | Villager (Male) |
| 20:34 | Construir | Town Center |
| 20:52 | Crear | Villager (Male) |
| 21:10 | Crear | Monk |
| 21:21 | Crear | Villager (Male) |
| 21:21 | Crear | Villager (Male) |
| 21:31 | Crear | Knight |
| 21:46 | Crear | Knight |
| 21:53 | Crear | Monk |
| 21:55 | Crear | Knight |
| 21:55 | Crear | Knight |
| 21:56 | Crear | Villager (Male) |
| 22:16 | Crear | Villager (Male) |
| 22:18 | Construir | Farm |
| 22:19 | Construir | Farm |
| 22:19 | Construir | Farm |
| 22:22 | Construir | Farm |
| 22:26 | Crear | Knight |
| 22:32 | Crear | Villager (Male) |
| 22:36 | Construir | Farm |
| 22:39 | Construir | Farm |
| 22:43 | Crear | Villager (Male) |
| 22:51 | Construir | House |
| 22:52 | Construir | House |
| 22:53 | Construir | House |
| 22:58 | Investigar | Wheelbarrow |
| 23:16 | Construir | Farm |
| 23:29 | Crear | Villager (Male) |
| 23:29 | Crear | Villager (Male) |
| 23:50 | Construir | Town Center |
| 23:52 | Crear | Knight |
| 23:53 | Crear | Knight |
| 23:53 | Crear | Knight |
| 23:54 | Crear | Villager (Male) |
| 23:56 | Crear | Villager (Male) |
| 24:00 | Construir | House |
| 24:19 | Construir | Farm |
| 24:22 | Crear | Knight |
| 24:23 | Crear | Knight |
| 24:23 | Crear | Villager (Male) |
| 24:33 | Crear | Spearman |
| 24:33 | Crear | Spearman |
| 24:41 | Crear | Villager (Male) |
| 24:43 | Crear | Villager (Male) |
| 24:43 | Crear | Villager (Male) |
Build order — GymBeam93
Primeras 150 de 594 acciones detectadas
| 0:01 | Crear | Villager (Male) ×4 |
| 0:02 | Construir | House |
| 0:04 | Construir | House |
| 0:33 | Construir | Mill |
| 1:35 | Crear | Villager (Male) |
| 2:04 | Crear | Villager (Male) |
| 2:04 | Crear | Villager (Male) |
| 2:27 | Crear | Villager (Male) |
| 2:27 | Crear | Villager (Male) |
| 2:34 | Crear | Villager (Male) |
| 3:10 | Crear | Villager (Male) ×2 |
| 3:10 | Crear | Villager (Male) ×2 |
| 3:46 | Crear | Villager (Male) |
| 3:58 | Construir | House |
| 4:21 | Crear | Villager (Male) ×3 |
| 4:21 | Crear | Villager (Male) ×3 |
| 4:58 | Crear | Villager (Male) |
| 5:09 | Construir | Lumber Camp |
| 5:14 | Crear | Villager (Male) |
| 5:39 | Investigar | Loom |
| 6:50 | Construir | Palisade Wall |
| 6:53 | Investigar | Feudal Age |
| 7:11 | Crear | Villager (Male) |
| 7:11 | Crear | Villager (Male) |
| 7:15 | Construir | Palisade Wall |
| 7:27 | Construir | House |
| 7:53 | Construir | Barracks |
| 8:21 | Construir | House |
| 9:03 | Construir | House |
| 9:06 | Construir | Palisade Wall |
| 9:16 | Edad | Edad Feudal |
| 9:19 | Construir | Stable |
| 9:28 | Investigar | Double-Bit Axe |
| 9:44 | Crear | Villager (Male) |
| 9:58 | Investigar | Horse Collar |
| 10:09 | Construir | Farm |
| 10:17 | Construir | Palisade Wall |
| 10:21 | Crear | Villager (Male) |
| 10:32 | Crear | Scout Cavalry |
| 10:37 | Construir | Palisade Wall |
| 10:40 | Construir | Farm |
| 10:41 | Crear | Villager (Male) |
| 10:52 | Construir | House |
| 11:05 | Construir | Farm |
| 11:06 | Crear | Villager (Male) |
| 11:07 | Crear | Scout Cavalry |
| 11:18 | Crear | Villager (Male) |
| 11:23 | Construir | Farm |
| 11:24 | Construir | Farm |
| 11:24 | Construir | Farm |
| 11:48 | Crear | Scout Cavalry |
| 11:50 | Crear | Villager (Male) |
| 11:53 | Construir | Farm |
| 11:57 | Construir | Farm |
| 12:10 | Construir | Palisade Wall |
| 12:20 | Construir | Palisade Gate |
| 12:22 | Crear | Villager (Male) |
| 12:26 | Construir | Farm |
| 12:38 | Crear | Villager (Male) |
| 12:53 | Construir | Farm |
| 12:59 | Construir | House |
| 13:08 | Construir | House |
| 13:17 | Crear | Villager (Male) |
| 13:22 | Construir | Palisade Gate |
| 13:34 | Crear | Villager (Male) |
| 13:36 | Construir | Farm |
| 13:51 | Construir | Mining Camp |
| 13:57 | Crear | Villager (Male) |
| 14:11 | Crear | Villager (Male) |
| 14:55 | Construir | Archery Range |
| 15:01 | Crear | Villager (Male) |
| 15:10 | Crear | Villager (Male) |
| 15:14 | Construir | Lumber Camp |
| 15:31 | Construir | Farm |
| 15:42 | Construir | Farm |
| 15:44 | Crear | Villager (Male) |
| 16:15 | Construir | Farm |
| 16:26 | Crear | Villager (Male) |
| 16:33 | Investigar | Gold Mining |
| 16:44 | Crear | Archer |
| 16:50 | Investigar | Castle Age |
| 17:16 | Construir | Farm |
| 17:22 | Construir | Farm |
| 17:24 | Construir | Farm |
| 17:28 | Construir | Farm |
| 17:34 | Construir | Farm |
| 17:40 | Construir | Farm |
| 17:45 | Crear | Archer |
| 17:46 | Crear | Archer |
| 17:49 | Crear | Camel Scout |
| 17:59 | Crear | Villager (Male) |
| 18:09 | Construir | House |
| 18:10 | Construir | House |
| 18:11 | Construir | House |
| 18:35 | Crear | Archer |
| 18:37 | Crear | Camel Scout |
| 18:41 | Crear | Villager (Male) |
| 19:03 | Crear | Villager (Male) |
| 19:11 | Construir | House |
| 19:18 | Crear | Archer |
| 19:31 | Edad | Edad de los Castillos |
| 19:46 | Construir | Blacksmith |
| 19:50 | Construir | Town Center |
| 19:54 | Investigar | Bow Saw |
| 20:15 | Construir | Town Center |
| 20:18 | Crear | Villager (Male) |
| 20:26 | Investigar | Fletching |
| 20:51 | Investigar | Crossbowman (upgrade) |
| 21:03 | Crear | Villager (Male) |
| 21:03 | Crear | Villager (Male) |
| 21:04 | Crear | Villager (Male) |
| 21:04 | Crear | Villager (Male) |
| 21:10 | Crear | Villager (Male) |
| 21:10 | Crear | Villager (Male) |
| 21:11 | Crear | Villager (Male) |
| 21:15 | Investigar | Wheelbarrow |
| 21:16 | Crear | Villager (Male) |
| 21:17 | Crear | Villager (Male) |
| 21:49 | Crear | Camel Scout |
| 21:50 | Crear | Camel Scout |
| 21:50 | Crear | Camel Scout |
| 22:04 | Crear | Archer |
| 22:04 | Crear | Archer |
| 22:23 | Crear | Villager (Male) |
| 22:23 | Crear | Villager (Male) |
| 22:29 | Construir | Archery Range |
| 22:43 | Investigar | Bodkin Arrow |
| 22:49 | Investigar | Thumb Ring |
| 23:01 | Crear | Archer ×4 |
| 23:11 | Investigar | Gold Shaft Mining |
| 23:15 | Construir | Palisade Wall |
| 23:19 | Crear | Villager (Male) ×2 |
| 23:24 | Crear | Camel Scout |
| 23:29 | Crear | Archer |
| 23:34 | Construir | Market |
| 23:40 | Crear | Villager (Male) ×3 |
| 23:40 | Crear | Villager (Male) ×3 |
| 23:46 | Construir | Farm |
| 24:07 | Crear | Villager (Male) |
| 24:08 | Crear | Villager (Male) |
| 24:09 | Crear | Villager (Male) |
| 24:09 | Crear | Villager (Male) |
| 24:11 | Crear | Archer ×5 |
| 24:30 | Crear | Camel Scout |
| 24:30 | Crear | Camel Scout |
| 24:41 | Construir | Farm |
| 24:41 | Construir | Farm |
| 24:41 | Construir | Farm |
| 24:41 | Construir | Farm |
| 24:43 | Construir | Farm |
Cronología de la partida
| 6:50 | GymBeam93 · wall_segment Palisade Wall x1 |
| 7:15 | GymBeam93 · wall_segment Palisade Wall x1 |
| 7:39 | Brennus · first_building Barracks |
| 7:53 | GymBeam93 · first_building Barracks |
| 8:47 | Brennus · wall_segment Palisade Wall x1 |
| 9:02 | Brennus · wall_segment Palisade Wall x1 |
| 9:06 | GymBeam93 · wall_segment Palisade Wall x5 |
| 9:16 | GymBeam93 · age_up feudal |
| 9:19 | GymBeam93 · first_building Stable |
| 9:22 | Brennus · age_up feudal |
| 9:26 | Brennus · first_building Stable |
| 10:17 | GymBeam93 · wall_segment Palisade Wall x9 |
| 10:37 | GymBeam93 · wall_segment Palisade Wall x6 |
| 12:10 | GymBeam93 · wall_segment Palisade Wall x5 |
| 12:49 | Brennus · wall_segment Palisade Wall x6 |
| 14:55 | GymBeam93 · first_building Archery Range |
| 19:21 | Brennus · age_up castle |
| 19:31 | GymBeam93 · age_up castle |
| 20:22 | Brennus · first_building Monastery |
| 23:15 | GymBeam93 · wall_segment Palisade Wall x1 |
| 27:54 | GymBeam93 · first_market_sell 500 wood |
| 27:54 | GymBeam93 · first_market_buy 100 food |
| 28:22 | GymBeam93 · first_building Monastery |
| 28:34 | GymBeam93 · wall_segment Palisade Wall x9 |
| 32:17 | Brennus · wall_segment Palisade Wall x18 |
| 32:50 | GymBeam93 · age_up imperial |
| 36:39 | Brennus · age_up imperial |
| 37:31 | Brennus · first_market_buy 500 food |
| 38:17 | GymBeam93 · first_building Castle |
| 39:02 | Brennus · first_building Castle |
| 40:10 | Brennus · wall_segment Stone Wall x24 |
| 47:04 | Brennus · first_market_sell 100 wood |
| 53:54 | GymBeam93 · first_building Siege Workshop |
| 54:28 | GymBeam93 · wall_segment Stone Wall x1 |
| 54:29 | GymBeam93 · wall_segment Stone Wall x1 |
| 54:32 | GymBeam93 · wall_segment Stone Wall x5 |
| 59:19 | GymBeam93 · wall_segment Stone Wall x10 |
| 61:26 | GymBeam93 · wall_segment Stone Wall x19 |
| 64:07 | GymBeam93 · resign |
[ ANÁLISIS IA · 1 CRÉDITO ]
¿Qué pasó realmente en esta partida?
Wolo.gg analiza cada decisión: build order, eco, micro, errores típicos por bracket. Análisis personalizado por WhatsApp o Discord en 30 segundos.
Guía civ
Francos
Perfil
Brennus